 Dungeon Crawl Stone Soup version 0.18-a0-1196-g09327cf (webtiles) character file.

251 Lasopy the Skirmisher (level 6, -2/63 HPs)
             Began as a Kobold Berserker on Jan 29, 2016.
             Was a Priest of Trog.
             Slain by Edmund
             ... wielding a +0 dire flail of venom
              (15 damage)
             ... on level 4 of the Dungeon.
             The game lasted 00:14:46 (3492 turns).

Lasopy the Skirmisher (Kobold Berserker)            Turns: 3492, Time: 00:14:46

Health: -2/63      AC:  2    Str: 21    XL:     6   Next: 36%
Magic:  6/6        EV: 14    Int:  5    God:    Trog [***...]
Gold:   192        SH:  4    Dex: 17    Spells: 0 memorised, 5 levels left

rFire  . . .     SeeInvis .     a - +0 hand axe
rCold  . . .     Gourm    .     b - +0 animal skin
rNeg   . . .     Faith    .     r - +0 buckler
rPois  .         Spirit   .     (no helmet)
rElec  .         Dismiss  .     (no cloak)
rCorr  +         Reflect  .     (no gloves)
SustAt .         Harm     .     (no boots)
MR     .....                    (no amulet)
Stlth  ..........               (no ring)
                                g - ring of resist corrosion

@: berserking (expiring), very quick, not resistant to hostile enchantments,
extremely unstealthy
A: carnivore 3
a: Berserk, Trog's Hand, Burn Spellbooks, Renounce Religion


You were on level 4 of the Dungeon.
You worshipped Trog.
Trog was most pleased with you.
You were not hungry.

You visited 1 branch of the dungeon, and saw 4 of its levels.

You collected 192 gold pieces.

Inventory:

Hand Weapons
 a - a +0 hand axe (weapon)
Armour
 b - a +0 animal skin (worn)
 r - a +0 buckler (worn)
Jewellery
 g - a ring of resist corrosion (left hand)
 n - an uncursed ring of protection from fire {unknown}
Scrolls
 e - 2 scrolls of identify
 j - a scroll of fog {unknown}
 k - 3 scrolls of remove curse {unknown}
 l - a scroll of enchant armour {unknown}
Potions
 d - a potion of curing {unknown}
 h - 3 potions of heal wounds {unknown}
 i - 5 potions of haste {unknown}
 m - a potion of poison {unknown}
 p - a potion of flight {unknown}
Books
 q - a book of Unlife

   Spells                             Type                      Level
   a - Recall                         Summoning/Translocation      3
   b - Animate Dead                   Necromancy                   4
   c - Control Undead                 Necromancy                   4
   d - Cigotuvi's Embrace             Necromancy                   5
   e - Death Channel                  Necromancy                   6
   f - Simulacrum                     Ice/Necromancy               6
   Trog disapproves of the use of such an item.
Comestibles
 c - 3 meat rations
 f - 2 slices of pizza
 o - a royal jelly


   Skills:
 * Level 6.8 Fighting
 - Level 2.6 Axes
 - Level 1.5 Armour
 - Level 2.4 Dodging
 + Level 3.1 Stealth


You had 5 spell levels left.
You didn't know any spells.

Dungeon Overview and Level Annotations

Branches:
Dungeon (4/15)
 Temple: D:4-7

Altars:
Dithmenos
Fedhas
Gozag
Kikubaaqudgha
Pakellas
Ru
Trog
Vehumet

Annotations:
D:4 Edmund


Innate Abilities, Weirdness & Mutations

You are small and have problems with some larger weapons.
You are carnivorous and can eat meat at any time.


Message History

Edmund clears his throat.
Edmund closely misses you. The giant frog completely misses you.
A red film seems to cover your vision as you go berserk!
You feel yourself moving faster!
You feel mighty!
You feel somewhat more hungry. The giant frog hits you.
The gnoll hits you from afar with a halberd!
Edmund closely misses you.
You closely miss Edmund. You slash the giant frog!
The giant frog is moderately wounded.
The giant frog misses you. You block the gnoll's attack.
You barely miss Edmund. You hit the giant frog.
The giant frog is heavily wounded.
You closely miss the crimson imp. The giant frog hits you.
* * * LOW HITPOINT WARNING * * *
Edmund barely misses you.
The crimson imp hits you but does no damage.
The giant frog hits you.
* * * LOW HITPOINT WARNING * * *
Edmund hits you with a dire flail of venom!
You die...

.....# # .....# #.
#$.... .###<#+##....
...........#
#.......>..#
#.....5@F..#
#.....g.@.# ######....#
#.##.#
###.##'###############
.......................
######...##############
......................
....##################
....


You could see Edmund, a giant frog, a gnoll and a crimson imp.

Vanquished Creatures
  2 orc priests (D:4)
  Jessica (D:2)
  2 gnolls
  5 adders (D:2)
  An ooze (D:1)
  2 worms
  A giant gecko (D:4)
  12 orcs
  7 bats
  A giant cockroach (D:3)
  5 goblins
  8 hobgoblins
  13 jackals
  2 quokkas (D:2)
  A ball python (D:4)
  A giant gecko skeleton (D:4)
  2 giant newts
  A jackal skeleton (D:4)
  9 kobolds
  2 rats (D:1)
78 creatures vanquished.

Notes
Turn   | Place    | Note
--------------------------------------------------------------
     0 | D:1      | Lasopy the Kobold Berserker began the quest for the Orb.
     0 | D:1      | Reached XP level 1. HP: 14/14 MP: 1/1
   226 | D:1      | Reached XP level 2. HP: 18/20 MP: 2/2
   269 | D:1      | Reached skill level 4 in Fighting
   334 | D:1      | Reached XP level 3. HP: 24/24 MP: 3/3
   705 | D:2      | Reached ** piety under Trog
   705 | D:2      | Reached skill level 1 in Stealth
   787 | D:2      | Noticed Jessica
   799 | D:2      | Killed Jessica
   799 | D:2      | Reached skill level 5 in Fighting
   799 | D:2      | Reached XP level 4. HP: 27/31 MP: 4/4
   975 | D:2      | Found a shadowy altar of Dithmenos.
   976 | D:2      | Found a radiant altar of Vehumet.
   985 | D:2      | Found a sacrificial altar of Ru.
   996 | D:2      | Found an ancient bone altar of Kikubaaqudgha.
  1091 | D:2      | Found an oddly glowing altar of Pakellas.
  1092 | D:2      | Found a blossoming altar of Fedhas.
  1130 | D:2      | Found a bloodstained altar of Trog.
  1221 | D:2      | Reached XP level 5. HP: 20/36 MP: 5/5
  1993 | D:3      | Reached skill level 6 in Fighting
  2430 | D:3      | Found an opulent altar of Gozag.
  2757 | D:4      | Noticed an ogre
  2844 | D:3      | Reached *** piety under Trog
  2862 | D:4      | Reached XP level 6. HP: 42/42 MP: 6/6
  3484 | D:4      | Noticed Edmund
  3492 | D:4      | Slain by Edmund

Vault maps used:
D:1:      dpeg_arrival_line_fractal, hangedman_decor_growths
D:2:      nicolae_overflow_quartered_altars, minitemple, lemuel_round_altar,
          guppyfry_early_lair_pool, uniq_jessica
D:3:      grunt_gozag_statues
D:4:      kennysheep_mini, grunt_decor_fettered, uniq_edmund

Action                   |  1- 3 |  4- 6 || total
-------------------------+-------+-------++-------
Melee: Hand axe          |    80 |   204 ||   284
Invok: Berserk           |     3 |     4 ||     7
  Use: Scroll            |       |     3 ||     3
 Stab: Distracted        |     2 |       ||     2
       Sleeping          |     1 |     7 ||     8
  Eat: Chunk             |     4 |    12 ||    16
